 Dungeon Crawl Stone Soup version 0.31-a0-986-g5e6e4ef867 (webtiles) character file.

Game seed: 13655163514769717800

151 croobank the Sneak (level 5, -3/37 HPs)
             Began as an Octopode Delver on Nov 14, 2023.
             Slain by a gnoll
             ... wielding a +0 halberd
              (13 damage)
             ... on level 3 of the Dungeon.
             The game lasted 00:08:54 (2517 turns).

croobank the Sneak (Octopode Delver)                Turns: 2517, Time: 00:08:55

Health: -3/37      AC:  3    Str: 12    XL:     5   Next: 33%
Magic:  5/5        EV: 14    Int: 14    God:
Gold:   108        SH:  5    Dex: 13    Spells: 1/4 levels left

rFire   . . .        a - +0 short sword
rCold   . . .        (no shield)
rNeg    . . .        d - +2 hat
rPois   .            p - amulet of reflection
rElec   .            (no ring)
rCorr   .            (no ring)
SInv    .            (no ring)
Will    .....        (no ring)
Stlth   +++++        (no ring)
HPRegen 0.26/turn    (no ring)
MPRegen 0.09/turn    (no ring)
                     (no ring)

%: reflection
@: no status effects
A: almost no armour, amphibious, 8 rings, camouflage 1, gelatinous body 1,
(nimble swimmer 1), tentacles
a: no special abilities


You were on level 3 of the Dungeon.
You visited 1 branch of the dungeon, and saw 6 of its levels.

You collected 193 gold pieces.
You spent 85 gold pieces at shops.

Inventory:

Hand Weapons
 a - a +0 short sword (weapon)
 r - a +0 spear
Armour
 d - a +2 hat (worn)
 j - a +0 buckler
Jewellery
 p - an amulet of reflection (around mantle)
Talismans
 c - a dragon-blood talisman
Wands
 f - a wand of digging (3)
Scrolls
 b - a scroll of fog
 g - 2 scrolls of butterflies {unknown}
 h - 4 scrolls of identify
 i - a scroll of teleportation {unknown}
 k - 2 scrolls of amnesia {unknown}
 l - a scroll of blinking {unknown}
 n - a scroll of noise {unknown}
 s - a scroll of revelation
 v - a scroll of poison
Potions
 e - 2 potions of haste
 m - a potion of magic
 q - a potion of attraction
 t - a potion of cancellation {unknown}
 u - 2 potions of might {unknown}


   Skills:
 + Level 3.7 Fighting
 + Level 3.1 Short Blades
 + Level 3.1 Dodging
 + Level 7.5 Stealth
 * Level 0.2 Spellcasting
 * Level 0.3 Summonings


You had one spell level left.
You knew the following spells:

 Your Spells              Type           Power      Damage    Failure   Level
a - Call Canine Familiar  Summ           1%         N/A       58%         3

Your spell library contained the following spells:

 Spells                   Type           Power      Damage    Failure   Level
 Ensorcelled Hibernation  Hex/Ice        0%         N/A       41%         2
 Jinxbite                 Hex            0%         N/A       41%         2
 Inner Flame              Hex/Fire       0%         N/A       65%         3
 Sigil of Binding         Hex            0%         N/A       65%         3
 Anguish                  Hex/Necr       0%         N/A       96%         4
 Dimensional Bullseye     Hex/Tloc       0%         N/A       96%         4
 Leda's Liquefaction      Hex/Erth       0%         N/A       96%         4
 Yara's Violent Unravell  Hex/Tmut       0%         3d3       100%        5
 Enfeeble                 Hex            0%         N/A       100%        7


Dungeon Overview and Level Annotations

Branches:
Dungeon (6/15)
 Temple: D:4-7

Altars:
Cheibriados
Ru

Shops:
D:2 *


Innate Abilities, Weirdness & Mutations

You cannot wear most types of armour.
You are amphibious.
You can wear up to eight rings at the same time.
Your skin changes colour to match your surroundings (Stealth+).
Your rubbery body absorbs attacks. (AC +1, EV +1)
((You are camouflaged when in or above water. (Stealth+)))
You have tentacles for arms and can constrict up to eight enemies at once.


Message History

The javelin pierces through the gnoll but does no damage.
The gnoll is severely wounded.
The gnoll hits you with a +0 flail.
Throw: 2 javelins
Press: ? - help, Q - select action, (/) - cycle Shift-Dir - straight line, f/p - gnoll
Aim: a gnoll, wielding a +0 whip (severely wounded, 58% to hit)
You throw a javelin. The javelin closely misses the gnoll.
The javelin pierces through the gnoll!
The gnoll is heavily wounded.
The javelin pierces through the gnoll.
The gnoll is almost dead.
The gnoll barely misses you. The gnoll hits you with a +0 flail!
The gnoll hits you with a +0 flail.
Throw: javelin
Press: ? - help, Q - select action, (/) - cycle Shift-Dir - straight line, f/p - gnoll
Aim: a gnoll, wielding a +0 whip (almost dead, 58% to hit)
You throw a javelin. The javelin pierces through the gnoll.
The gnoll is moderately wounded.
The javelin pierces through the gnoll.
You kill the gnoll!
The javelin pierces through the gnoll but does no damage.
The gnoll is heavily wounded.
The gnoll hits you with a +0 flail.
You hit the gnoll but do no damage. You grab the gnoll.
The gnoll is moderately wounded.
You constrict the gnoll, but do no damage.
The gnoll closely misses you. The gnoll completely misses you.
You completely miss the gnoll.
The gnoll is moderately wounded.
You constrict the gnoll. The gnoll closely misses you.
The gnoll hits you with a +0 flail.
* * * LOW HITPOINT WARNING * * *
You hit the gnoll.
The gnoll is moderately wounded.
You constrict the gnoll. The gnoll completely misses you. The gnoll misses you.
You hit the gnoll.
The gnoll is severely wounded.
You constrict the gnoll.
The gnoll hits you from afar with a +0 halberd!
You die...

#.....######.# ####..... #######
#.####### ...... #.......# ......
#.......# .....# #.......# ####..
#.......# ## #.......# ##......#
####@### #g# #....# #g#
#....####.### ####
#...........###########...
#...........#......<.##...
######...........#........##...
#....#........(..#.............
###.##.............#.........#...


You could see 2 gnolls.

Vanquished Creatures
  7 gnolls
  2 adders
  2 worms (D:2)
  2 dart slugs
  3 orcs
  3 bats
  5 endoplasms
  A giant cockroach (D:1)
  5 goblins
  8 hobgoblins
  A quokka (D:2)
  3 ball pythons
  5 frilled lizards
  3 kobolds
  5 rats
55 creatures vanquished.

Notes
Turn   | Place    | Note
-------+----------+-------------------------------------------
     0 | D:5      | croobank the Octopode Delver began the quest for the Orb.
     0 | D:5      | Reached XP level 1. HP: 16/16 MP: 1/1
    10 | D:6      | Noticed an orc wizard
    10 | D:6      | Noticed an orc wizard
    97 | D:5      | Noticed an orc wizard
   163 | D:4      | Reached XP level 2. HP: 21/21 MP: 2/2
   379 | D:1      | Reached XP level 3. HP: 26/26 MP: 3/3
   539 | D:1      | Reached skill level 7 in Stealth
  1007 | D:2      | Reached XP level 4. HP: 24/31 MP: 4/4
  1113 | D:2      | Found a snail-covered altar of Cheibriados.
  1126 | D:2      | Found Zuph's Assorted Antiques.
  1133 | D:2      | Bought a dented lapis lazuli amulet for 85 gold pieces
  1340 | D:2      | Found a faded altar of an unknown god.
  1831 | D:2      | Reached XP level 5. HP: 37/37 MP: 5/5
  1964 | D:3      | Learned a level 3 spell: Call Canine Familiar
  2369 | D:3      | Found a sacrificial altar of Ru.
  2517 | D:3      | Slain by a gnoll

Illustrated notes

Levels and vault maps discovered:
D:1:      nzn_arrival_water_spiral, layout_loops_ring
D:2:      layout_rooms, shapermc_ecumenical_altar_mp_highgroup, basic_altar,
          serial_shops, shop
D:3:      layout_basic, nicolae_ru_sacrificial_ziggurat
D:4:      cheibrodos_barr_body, layout_cave_pools, general_overflow_altar
D:5:      layout_basic, enter_ossuary_5
D:6:      layout_loops_cross

Skill      XL: |  1  2  3  4 |
---------------+-------------+-----
Stealth        | 7 |  7.5
Short Blades   | 3 |  3.1
Dodging        | 3 |  3.1
Fighting       | |  3.7
Spellcasting   | |  0.2
Summonings     | |  0.3

Action                     |  1- 3 |  4- 6 || total
---------------------------+-------+-------++-------
  Melee: Short sword       |    52 |    62 ||   114
         Constrict         |    11 |    16 ||    27
         Tentacles         |     7 |    14 ||    21
  Throw: Javelin           |       |     6 ||     6
    Use: Scroll            |     5 |     1 ||     6
         Potion            |       |     2 ||     2
   Stab: Sleeping          |    14 |     7 ||    21
         Distracted        |       |     1 ||     1
 Armour: Skin              |    15 |    38 ||    53
  Dodge: Dodged            |    17 |    31 ||    48
  Block: Other             |     8 |     6 ||    14

Table legend: (Time is in decaauts)
 A = Elapsed time spent in this place.
 B = Non-inter-level travel time spent in this place.
 C = Inter-level travel time spent in this place.
 D = Time resting spent in this place.
 E = Time spent auto-exploring this place.
 F = Levels seen in this place.
 G = Mean time per level.
                   A        B        C        D        E       F      G
               +--------+--------+--------+--------+--------+-----+--------+
         Total |   2508 |   2461 |     47 |    676 |   1078 |   6 |  418.0 |
       Dungeon |   2508 |   2461 |     47 |    676 |   1078 |   6 |  418.0 |
               +--------+--------+--------+--------+--------+-----+--------+

Top non-repeatable levels by time:
     D:2: 1027 daAuts
     D:1: 630 daAuts
     D:3: 592 daAuts
     D:5: 152 daAuts
     D:4: 104 daAuts
     D:6: 1 daAuts
